 Dungeon Crawl Stone Soup version 0.28.0-53-g5a82cb258f (webtiles) character file.

Game seed: 7894010861471296871

41 LynnLen the Sneak (level 3, -1/24 HPs)
             Began as a Vampire Enchanter on Aug 9, 2022.
             Slain by an adder (3 damage)
             ... on level 2 of the Dungeon.
             The game lasted 00:03:05 (1070 turns).

LynnLen the Sneak (Vampire Enchanter)               Turns: 1070, Time: 00:03:06

Health: -1/24      AC:  4    Str:  7    XL:     3   Next: 32%
Magic:  2/6        EV: 11    Int: 17    God:
Gold:   24         SH:  0    Dex: 16    Spells: 3/6 levels left

rFire   . . .      SeeInvis +   a - +1 dagger
rCold   . . .      Faith    .   (no shield)
rNeg    . . .      Spirit   .   g - +0 leather armour
rPois   .          Reflect  .   (no helmet)
rElec   .          Harm     .   l - +0 cloak
rCorr   .          Rampage  .   (no gloves)
Will    .....                   (no boots)
Stlth   +++.......              (no amulet)
HPRegen 0.28/turn               (no ring)
MPRegen 0.10/turn               (no ring)

@: lethally poisoned (-1 -> -2), healing quickly
A: alive, fangs 3, see invisible, vampiric 2
a: Exsanguinate


You were on level 2 of the Dungeon.
You visited 1 branch of the dungeon, and saw 2 of its levels.

You collected 24 gold pieces.

Inventory:

Hand Weapons
 a - a +1 dagger (weapon)
Missiles
 h - 25 sling bullets
 i - 10 poisoned darts
 j - 18 stones
Armour
 b - a +0 robe
 g - a +0 leather armour (worn)
 l - a +0 cloak (worn)
Scrolls
 f - a scroll of blinking {unknown}
Potions
 c - a potion of invisibility
 d - a potion of degeneration {unknown}
 e - a potion of curing
 k - a potion of lignification {unknown}


   Skills:
 * Level 3.0 Short Blades
 - Level 2.1 Dodging
 + Level 5.3 Stealth
 - Level 2.0 Spellcasting
 - Level 4.4 Hexes


You had 3 spell levels left.
You knew the following spells:

 Your Spells              Type           Power      Damage    Failure   Level
a - Confusing Touch       Hex            16%        N/A       14%         3

Your spell library contained the following spells:

 Spells                   Type           Power      Damage    Failure   Level
 Tukima's Dance           Hex            16%        N/A       14%         3
 Ensorcelled Hibernation  Hex/Ice        18%        N/A       19%         2
 Dazzling Flash           Conj/Hex       18%        N/A       34%         3


Dungeon Overview and Level Annotations

Branches:
Dungeon (2/15)

Altars:

Annotations:
D:2 Terence


Innate Abilities, Weirdness & Mutations

Your natural rate of healing is accelerated.
You have razor-sharp teeth.
You have supernaturally acute eyesight. (SInv)
You are afflicted with vampirism and can become a bat while bloodless.


Message History

You barely miss the adder.
The adder is heavily wounded.
The ball python bites you but does no damage.
The ball python constricts you. The adder bites you but does no damage.
You hit the adder but do no damage.
The adder is heavily wounded.
Terence asks, "Who are you?" Terence hits you with a +0 short sword.
The adder closely misses you. The ball python bites you.
The ball python constricts you.
You hit the adder but do no damage. Your bite misses the adder.
The adder is heavily wounded.
The adder closely misses you. The ball python barely misses you.
The ball python constricts you.
You hit the adder.
The adder is almost dead.
The adder bites you.
You are poisoned.
The adder poisons you!
Terence cries, "My head!
MY HEAD!!!"
The ball python bites you. The ball python constricts you.
Unknown command.
You escape the ball python's grasp.
You feel sick.
Terence gestures wildly.
You feel sick. The adder bites you.
You are more poisoned.
The adder poisons you!
Terence barely misses the adder.
* * * LOW HITPOINT WARNING * * *
You feel sick. The ball python closely misses you. x2
* * * LOW HITPOINT WARNING * * *
You feel sick.
* * * LOW HITPOINT WARNING * * *
You feel sick.
Terence seems less confused.
The adder barely misses you.
* * * LOW HITPOINT WARNING * * *
You feel sick. The adder bites you but does no damage.
* * * LOW HITPOINT WARNING * * *
You feel sick.
There is a stone staircase leading up here.
* * * LOW HITPOINT WARNING * * *
You feel sick. The adder bites you.
You die...

.# #.##
.#############################รท..
>.............[................##
##############################...
#..<#.# ###.#.... #........ ###
#........ ################@#
#........ .........#.....#S#
#.#####<# #..............@S#
#.......# #................#
######### #................###
##[.......>........#
#..............##.#
#...)...........#...
#######.##....?.# ###


You could see Terence, an adder and a ball python.

Vanquished Creatures
  An adder (D:2)
  2 worms (D:2)
  A dart slug (D:2)
  2 endoplasms
  2 giant cockroaches
  2 hobgoblins (D:2)
  5 ball pythons
  5 bats
  A frilled lizard (D:1)
  2 kobolds (D:1)
  5 rats
28 creatures vanquished.

Notes
Turn   | Place    | Note
-------+----------+-------------------------------------------
     0 | D:1      | LynnLen the Vampire Enchanter began the quest for the Orb.
     0 | D:1      | Reached XP level 1. HP: 13/13 MP: 3/3
   120 | D:1      | Found a faded altar of an unknown god.
   294 | D:1      | Reached XP level 2. HP: 19/19 MP: 5/5
   791 | D:2      | Reached skill level 5 in Stealth
   831 | D:2      | Gained mutation: You are afflicted with vampirism and can
                  | become a bat while bloodless. [Vampire growth]
   831 | D:2      | Reached XP level 3. HP: 24/24 MP: 6/6
   843 | D:2      | Learned a level 3 spell: Confusing Touch
  1034 | D:2      | Noticed Terence
  1070 | D:2      | Slain by an adder

Illustrated notes

Levels and vault maps discovered:
D:1:      psy_arrival_whirlpool, layout_loops_ring, ebering_ecumenical_altar_box
D:2:      layout_basic, uniq_terence

Skill      XL: |  1  2  3 |
---------------+----------+-----
Short Blades   | 2 3 |  3.0
Stealth        | 5 |  5.3
Dodging        | |  2.1
Spellcasting   | |  2.0
Hexes          | |  4.4

Action                   || total
-------------------------++-------
Melee: Dagger            ||   103
       Bite              ||    11
       Punch             ||     2
 Cast: Confusing Touch   ||     2
  Use: Scroll            ||     4
 Stab: Sleeping          ||     5
Armor: Leather armour    ||    26
       Robe              ||     2
Dodge: Dodged            ||    65
